cohdb
Replays
Latest Replays
All Replays
Popular Replays
Top Player Replays
Match Explorer
How It Works
Community
CoH3 Stats
Reddit
Sign in to upload your games and track your stats! →
Sign in with Steam
Match 43363425
Unlisted
Match 43363425
Overview
Messages
Build Orders
End
Kradschützen Motorcycle Team
Kradschützen Motorcycle Team
Selects Armored Support Battlegroup
Selects Armored Support Battlegroup
250 Light Carrier
Construct Light Support Kompanie
Assault Grenadier Squad
MG34 Team
Fire Support Elements
Selects Superior Fire Drills
Vehicle Survival Package
Panzerjäger Mechanized Group
Flakvierling Half-track
Willaguy
Pepuz
0
0
Comments
sign in to comment!
No comments posted yet!